 Dungeon Crawl Stone Soup version 0.29-a0-982-gaed3a0c8d8 (webtiles) character file.

Game seed: 7851243018147644212

44 MisterAzrael the Conjurer (level 3, -1/19 HPs)
             Began as a Deep Elf Conjurer on Aug 2, 2022.
             Slain by a scorpion (2 damage)
             ... on level 3 of the Dungeon.
             The game lasted 00:01:46 (1671 turns).

MisterAzrael the Conjurer (Deep Elf Conjurer)       Turns: 1671, Time: 00:01:47

Health: -1/19      AC:  2    Str:  4    XL:     3   Next: 41%
Magic:  0/10       EV: 12    Int: 24    God:
Gold:   111        SH:  0    Dex: 13    Spells: 6/9 levels left

rFire   . . .      SeeInvis .   (no weapon)
rCold   . . .      Faith    .   (no shield)
rNeg    . . .      Spirit   .   a - +0 robe
rPois   .          Reflect  .   (no helmet)
rElec   .          Harm     .   (no cloak)
rCorr   .          Rampage  .   (no gloves)
Will    .....                   (no boots)
Stlth   ++........              (no amulet)
HPRegen 0.06/turn               (no ring)
MPRegen 0.12/turn               (no ring)

@: lethally poisoned (-1 -> -9)
A: no striking features
a: no special abilities


You were on level 3 of the Dungeon.
You visited 1 branch of the dungeon, and saw 3 of its levels.

You collected 111 gold pieces.

Inventory:

Armour
 a - a +0 robe (worn)
Jewellery
 n - a +4 ring of protection
Scrolls
 c - 2 scrolls of noise {unknown}
 g - a scroll of blinking {unknown}
 h - a scroll of teleportation {unknown}
 j - a scroll of vulnerability {unknown}
 k - 2 scrolls of identify {unknown}
 m - a scroll of silence {unknown}
Potions
 b - a potion of magic
 d - a potion of brilliance {unknown}
 e - a potion of flight {unknown}
 f - a potion of resistance {unknown}
 i - a potion of curing {unknown}
 l - 2 potions of haste {unknown}


   Skills:
 - Level 2.4 Dodging
 - Level 2.4 Stealth
 + Level 3.8 Spellcasting
 * Level 5.4 Conjurations


You had 6 spell levels left.
You knew the following spells:

 Your Spells              Type           Power      Damage    Failure   Level
a - Magic Dart            Conj           100%       1d8       1%          1
b - Searing Ray           Conj           60%        2d6       1%          2

Your spell library contained the following spells:

 Spells                   Type           Power      Damage    Failure   Level
 Beastly Appendage        Tmut           8%         N/A       10%         1
 Dazzling Flash           Conj/Hex       34%        N/A       10%         3
 Wereblood                Tmut           4%         N/A       16%         2
 Call Canine Familiar     Summ           4%         N/A       30%         3
 Portal Projectile        Hex/Tloc       8%         N/A       30%         3
 Spider Form              Tmut/Pois      4%         N/A       30%         3
 Fulminant Prism          Conj/Hex       8%         3d7       32%         4
 Iskenderun's Mystic Bla  Conj/Tloc      17%        2d5       32%         4
 Leda's Liquefaction      Hex/Erth       2%         N/A       69%         4


Dungeon Overview and Level Annotations

Branches:
Dungeon (3/15)

Altars:
Xom


Message History

The magic dart hits the orc but does no damage.
The orc is heavily wounded.
The magic dart hits the orc.
The orc is almost dead.
The orc hits you with a +0 short sword.
The magic dart hits the orc.
You kill the orc!
A scorpion comes into view.
A scorpion is nearby!
The magic dart hits the scorpion.
The scorpion is lightly wounded.
The magic dart hits the scorpion!
The scorpion is heavily wounded.
The magic dart hits the scorpion.
The scorpion is severely wounded.
The magic dart hits the scorpion.
The scorpion is severely wounded.
The scorpion stings you but does no damage.
The magic dart hits the scorpion.
The scorpion is almost dead.
The scorpion stings you.
The magic dart hits the scorpion.
The scorpion is almost dead.
The scorpion stings you.
The magic dart hits the scorpion but does no damage.
The scorpion is almost dead.
The scorpion completely misses you.
The scorpion stings you but does no damage.
The scorpion attacks as you move away! The scorpion barely misses you.
Found 13 gold pieces.
The scorpion misses you. The scorpion attacks as you move away!
The scorpion stings you.
You are lethally poisoned!
The scorpion poisons you!
* * * LOW HITPOINT WARNING * * *
You feel very sick.
* * * LOW HITPOINT WARNING * * *
You feel very sick. The scorpion stings you.
You die...

#######+# #........ #........
#......... #......♣..
#....♣♣.♣ #....♣.$.♣....#
#@..♣..♣).♣...# #s...♣
..♣....# #. #..).♣♣.♣♣..).# #
#.###......♣......# ##..
#...#$............# ....
#..##.............#
#..#####..##.............#
#.........########'#######
#...)....................####


You could see a scorpion.

Vanquished Creatures
  An adder (D:3)
  4 dart slugs
  An orc (D:3)
  2 endoplasms
  A giant cockroach (D:1)
  2 hobgoblins
  2 quokkas (D:2)
  3 ball pythons
  3 bats
  3 frilled lizards (D:1)
  3 goblins
  2 kobolds
  A rat (D:1)
28 creatures vanquished.

Notes
Turn   | Place    | Note
-------+----------+-------------------------------------------
     0 | D:1      | MisterAzrael the Deep Elf Conjurer began the quest for the
                  | Orb.
     0 | D:1      | Reached XP level 1. HP: 10/10 MP: 6/6
   420 | D:1      | Reached XP level 2. HP: 15/15 MP: 6/8
   610 | D:1      | Learned a level 2 spell: Searing Ray
   816 | D:1      | Found a faded altar of an unknown god.
   863 | D:2      | Reached skill level 5 in Conjurations
  1137 | D:2      | Found a shimmering altar of Xom.
  1426 | D:2      | Reached XP level 3. HP: 19/19 MP: 8/10
  1659 | D:3      | Noticed a scorpion
  1671 | D:3      | Slain by a scorpion

Illustrated notes

Levels and vault maps discovered:
D:1:      nzn_arrival_crosshair, layout_basic,
          shapermc_ecumenical_altar_hornbeckon
D:2:      layout_basic, basic_altar
D:3:      layout_loops_ring, fedhas_altar_3, serial_shops,
          nicolae_shop_bloodbath_and_beyond, kennysheep_generic_room_2

Skill      XL: |  1  2 |
---------------+-------+-----
Conjurations   | 5 |  5.4
Dodging        | |  2.4
Stealth        | |  2.4
Spellcasting   | |  3.8

Action                   || total
-------------------------++-------
 Cast: Magic Dart        ||    54
Armor: Robe              ||     2
Dodge: Dodged            ||     5

Table legend: (Time is in decaauts)
 A = Elapsed time spent in this place.
 B = Non-inter-level travel time spent in this place.
 C = Inter-level travel time spent in this place.
 D = Time resting spent in this place.
 E = Time spent auto-exploring this place.
 F = Levels seen in this place.
 G = Mean time per level.
                   A        B        C        D        E       F      G
               +--------+--------+--------+--------+--------+-----+--------+
         Total |   1678 |   1635 |     43 |      0 |   1492 |   3 |  559.3 |
       Dungeon |   1678 |   1635 |     43 |      0 |   1492 |   3 |  559.3 |
               +--------+--------+--------+--------+--------+-----+--------+

Top non-repeatable levels by time:
     D:1: 845 daAuts
     D:2: 702 daAuts
     D:3: 129 daAuts
